Cogmind - Beta 15 @@@ ROGUE MODE // 2025.05.14 @ 21:16:41 Player: Komeiji O. Result: Self-destructed Performance ------------- Evolutions (2) 1000 Regions Visited (10) 2000 Robots Destroyed (120) 600 Value Destroyed (3881) 3881 Prototype IDs (33) 660 Alien Tech Used (0) 0 Bonus (1874) 1874 TOTAL SCORE: 10015 Bonus ------- High Alert Combat Kills 359 Follower Combat Kills 315 Entered Garrisons 400 Used RIF Installer 500 Aligned with FarCom 300 Cogmind --------- Core Integrity 6/550 Matter 287/300 Energy 45/100 System Corruption 0% Temperature Cool (0) Movement Core (400) Ox7 Location -8/Garrison Parts ------- > --- POWER (1) -------- (None) > --- PROPULSION (2) --- (None) > --- UTILITY (4) ------ Improved Heat Sink Large Storage Unit Weapon Cycler > --- WEAPON (4) ------- (None) > --- INVENTORY (15) --- Improved Heat Sink Improved Heat Sink High-capacity Matter Pod (200) Improved Terrain Scanner Seismic Detector Modified TNC Improved Light Armor Plating Shield Generator Hacking Suite Hacking Suite Relay Coupler [NC] (26) Splice Drone Bay (6/6) Missile Launcher Peak State ------------ > --- POWER ------------ Nuclear Core > --- PROPULSION ------- Armored Treads Medium Treads > --- UTILITY ---------- Improved Heat Sink Large Storage Unit Advanced Terrain Scan Processor Weapon Cycler > --- WEAPON ----------- Enhanced Autogun Enhanced Autogun Enhanced Autogun Enhanced Autogun > --- INVENTORY -------- Medium Treads Improved Heat Sink High-capacity Matter Pod Seismic Detector Modified TNC Improved Light Armor Plating Reactive Plating Shield Generator Hacking Suite Hacking Suite Splice Drone Bay High-powered Shotgun Missile Launcher Datajack [Rating: 42] Favorites ----------- Power Improved Ion Engine Engine Improved Ion Engine Power Core Nuclear Core Propulsion Light Treads Treads Light Treads Wheel Compact Wheel Utility Large Storage Unit Device Improved Heat Sink Storage Large Storage Unit Processor Advanced Terrain Scan Processor Hackware Relay Coupler [Sentry] Protection Reactive Plating Weapon Enhanced Autogun Energy Gun Medium Laser Energy Cannon EM Pulse Cannon Ballistic Gun Enhanced Autogun Launcher Grenade Launcher Special Weapon Mining Laser Special Melee Weapon Datajack Build | -11 -10 -10 -9 -9 -9 -8 -8 -8 -8 -8 ------- Run | Yrd Mat Min Mat Min Exi Min Mat Gar Mat Gar Slots Evolved 4 | . . . 2 . . . 2 . . . Power . | . . . . . . . . . . . Propulsion . | . . . . . . . . . . . Utility 2 | . . . 1 . . . 1 . . . Weapon 2 | . . . 1 . . . 1 . . . Parts Attached 69 | 8 9 4 12 . . 6 13 8 6 3 Power 8 | 2 1 . 1 . . . 1 2 1 . Engine 4 | 2 1 . 1 . . . . . . . Core 4 | . . . . . . . 1 2 1 . Reactor . | . . . . . . . . . . . Propulsion 12 | 2 2 . 3 . . . 3 1 1 . Treads 10 | 1 1 . 3 . . . 3 1 1 . Leg . | . . . . . . . . . . . Wheel 2 | 1 1 . . . . . . . . . Hover . | . . . . . . . . . . . Flight . | . . . . . . . . . . . Utility 24 | 2 1 3 2 . . 4 4 3 3 2 Device 12 | 1 . 2 1 . . 3 2 2 . 1 Storage 3 | 1 1 1 . . . . . . . . Processor 2 | . . . . . . . 2 . . . Hackware 1 | . . . . . . . . . 1 . Protection 6 | . . . 1 . . 1 . 1 2 1 Artifact . | . . . . . . . . . . . Weapon 25 | 2 5 1 6 . . 2 5 2 1 1 Energy Gun 6 | 1 . . 1 . . . 2 1 . 1 Energy Cannon 1 | . . . 1 . . . . . . . Ballistic Gun 13 | 1 4 . 4 . . 1 2 1 . . Ballistic Cannon . | . . . . . . . . . . . Launcher 3 | . . 1 . . . 1 1 . . . Special Weapon 1 | . 1 . . . . . . . . . Impact Weapon . | . . . . . . . . . . . Slashing Weapon . | . . . . . . . . . . . Piercing Weapon . | . . . . . . . . . . . Special Melee Weapon 1 | . . . . . . . . . 1 . Unidentified Prototypes 4 | . . 1 1 . . . 2 . . . Parts Lost 23 | . 3 1 . . . 2 . 3 4 10 Power 3 | . 1 . . . . . . . 1 1 Propulsion 5 | . 1 . . . . . . 1 1 2 Utility 5 | . . 1 . . . 1 . . . 3 Weapon 10 | . 1 . . . . 1 . 2 2 4 Highest Loss Streak 7 | . 2 1 . . . 1 . 2 2 7 To Critical Strikes . | . . . . . . . . . . . Average Backups 13 | 4 11 15 14 15 15 14 14 14 14 13 Power . | . . . . . . . . . . . Propulsion 1 | 2 1 1 1 2 2 2 1 1 . . Utility 7 | . 2 5 7 7 7 7 9 10 12 12 Weapon 3 | 1 5 7 5 5 4 3 2 1 1 1 Tool/Special . | . . . . . . . . . . . Unused Backups 23 | 1 3 1 6 1 . . 4 1 . 6 Power 1 | . . . . . . . 1 . . . Propulsion 3 | 1 . . . . . . 2 . . . Utility 11 | . . . 3 . . . 1 1 . 6 Weapon 8 | . 3 1 3 1 . . . . . . Tool/Special . | . . . . . . . . . . . Average Slot Usage (%) 98 | . 99 95 99 100 100 99 99 99 97 70 Engine 6 | . 14 14 11 11 11 11 1 . . . Core 3 | . . . . . . . 7 9 8 6 Treads 18 | . 22 14 15 22 22 22 18 17 18 13 Wheel 2 | . 4 14 6 . . . . . . . Device 19 | . 13 9 20 21 22 20 21 18 20 20 Storage 10 | . 14 14 11 11 11 11 9 9 9 9 Processor 2 | . . . . . . . 5 5 . . Protection 1 | . . . 1 . . 1 . 2 4 6 Energy Gun 2 | . 9 . 1 . . . . 2 9 4 Energy Cannon 2 | . . . 7 11 11 5 . . . . Ballistic Gun 27 | . 18 25 23 22 22 26 35 33 23 11 Peak Build Rating 42 | 7 10 16 25 25 24 27 42 42 39 35 Average Rating 27 | 5 8 9 20 24 24 25 38 41 37 28 On Entrance 22 | . 7 10 10 24 24 24 27 42 39 35 Naked Turns . | . . . . . . . . . . . Heaviest Build 52 | 14 31 38 46 46 42 50 43 52 48 45 Greatest Support 56 | 20 40 16 43 43 43 43 48 56 56 56 Greatest Overweight (x) 8 | 1 1 2 2 1 . 1 . . . 8 Average Overweight (x) . | . . 1 1 . . . . . . . Largest Inventory Capacity 20 | 8 15 20 15 15 15 15 15 15 15 15 Average Capacity 14 | 7 13 15 15 15 15 15 15 15 15 15 Most Carried 15 | 7 15 15 15 15 15 15 15 15 15 14 Average Carried 13 | 5 11 14 14 15 14 14 14 14 14 13 Final Capacity 15 | 8 15 15 15 15 15 15 15 15 15 15 Final Carried 15 | 6 15 15 15 15 15 14 15 15 14 13 Class Distribution -------------------- 41% | Skirmisher 25% | Tank 23% | Mutant 9% | Scavenger-Skirmisher Dominant Class ---------------- Mutant | -10/Materials Mutant | -10/Mines Tank | -9/Materials Tank | -9/Mines Tank | -9/Exiles Skirmisher | -8/Mines Skirmisher | -8/Materials Skirmisher | -8/Garrison Scavenger-Skirmisher | -8/Materials Mutant | -8/Garrison Resources | -11 -10 -10 -9 -9 -9 -8 -8 -8 -8 -8 ----------- Run | Yrd Mat Min Mat Min Exi Min Mat Gar Mat Gar Matter Collected 3479 | 254 205 54 606 166 23 245 491 1111 186 138 Remotely . | . . . . . . . . . . . Salvage Created 4039 | 32 424 120 833 83 . 260 608 1122 325 232 Parts 252 | 7 28 10 47 14 . 16 37 59 23 11 Haulers Intercepted 2 | . . . . . . . 1 . 1 . Recyclers Shooed 1 | . . . 1 . . . . . . . Parts Field Recycled . | . . . . . . . . . . . Retrieved Matter . | . . . . . . . . . . . Parts Self-Destructed . | . . . . . . . . . . . Prevented . | . . . . . . . . . . . Kills | -11 -10 -10 -9 -9 -9 -8 -8 -8 -8 -8 ------- Run | Yrd Mat Min Mat Min Exi Min Mat Gar Mat Gar Combat Hostiles Destroyed 104 | . 13 2 22 6 . 8 14 28 6 5 Guns 79 | . 13 2 16 3 . 2 12 23 3 5 Cannons 12 | . . . 6 3 . 3 . . . . AOE 13 | . . . . . . 3 2 5 3 . Classes Destroyed 14 | 1 3 . 2 . . 2 2 3 1 . Worker 2 | . 1 . 1 . . . . . . . Builder 2 | . . . . . . . . . 2 . Tunneler 6 | 2 . 1 . . . 2 1 . . . Hauler 2 | . . . . . . . 1 . 1 . Recycler 2 | . . . . . . . 1 . 1 . Watcher 2 | . . . 1 . . . 1 . . . Swarmer 36 | . 6 . 8 6 . 4 6 3 3 . Cutter 3 | . . . . . . . . 3 . . Grunt 42 | . 7 2 10 . . 2 3 13 2 3 Brawler 3 | . . . . . . . . 3 . . Duelist 1 | . . . . . . 1 . . . . Sentry 16 | . . . 4 . . . 5 4 1 2 Specialist 1 | . . . . . . . . 1 . . Hunter 2 | . . . . . . 1 . 1 . . Best Kill Streak 9 | 1 4 2 9 3 . 5 4 6 6 3 Combat Bots Only 8 | . 3 2 8 3 . 4 3 6 3 3 Max Kills in Single Turn 4 | 1 1 1 2 2 . 4 2 2 4 1 Gunslinging . | . . . . . . . . . . . Exploded 3 | . . . . . . 3 1 2 2 . Melee . | . . . . . . . . . . . Uniques/NPCs Destroyed . | . . . . . . . . . . . Combat | -11 -10 -10 -9 -9 -9 -8 -8 -8 -8 -8 -------- Run | Yrd Mat Min Mat Min Exi Min Mat Gar Mat Gar Hostile Shots Fired 520 | . 90 14 61 11 . 31 30 117 56 110 Missed 128 | . 20 3 18 3 . 7 7 36 8 26 Hits 392 | . 70 11 43 8 . 24 23 81 48 84 Melee 2 | . . . . . . 1 . 1 . . Projectile 390 | . 70 11 43 8 . 23 23 80 48 84 AOE 2 | . . . . . . . . 2 . . Critical Strikes 13 | . 1 . 2 . . 2 1 4 2 1 Damage Taken 4975 | . 667 137 360 37 . 265 267 1387 718 1137 Core 800 | . 138 . 33 10 . 75 48 238 61 197 Absorbed by Shields 236 | . . . 143 16 . 31 46 . . . Ignored by Resistances 78 | . . . . . . 14 . 64 . . Regen/Repaired (Parts) 145 | . 13 . . . . . . . 132 . Core Remaining (%) 71 | 100 . 44 . . . 70 . . . . Volleys Fired 259 | 8 46 6 39 6 . 16 30 65 13 30 Largest 4 | 2 2 2 3 3 . 3 4 4 4 3 Hottest 143 | 70 100 43 113 113 . 113 100 143 143 118 Shots Fired 704 | 16 91 12 107 19 . 46 104 226 42 41 Gun 642 | 16 90 12 82 13 . 31 99 219 39 41 Cannon 45 | . . . 25 6 . 14 . . . . Launcher 16 | . . . . . . 1 5 7 3 . Special 1 | . 1 . . . . . . . . . Kinetic 574 | 8 60 12 82 13 . 31 99 213 29 27 Thermal 69 | 8 31 . . . . . . 6 10 14 Explosive 16 | . . . . . . 1 5 7 3 . Electromagnetic 45 | . . . 25 6 . 14 . . . . Robot Hit Streak 17 | 5 8 5 6 3 . 6 17 8 11 12 Robot Miss Streak 5 | 2 5 1 5 2 . 4 3 4 3 3 Penetration Max 1 | . . . . . . . . 1 . 1 Secondary Targets 11 | . 2 . . . . . 1 7 . 1 Max Gunslinging Chain 1 | . 1 . . . . . 1 1 . 1 Shots Hit Robots 385 | 11 48 8 53 6 . 27 54 118 29 31 Core Hits 191 | 3 25 5 32 6 . 14 26 53 16 11 Critical Kills 5 | . . . 1 . . . 1 3 . . Critical Parts Destroyed 3 | . . . . . . . 2 . . 1 Critical Strikes 12 | 1 1 . 1 . . . 4 3 . 2 Burn 2 | 1 1 . . . . . . . . . Destroy 10 | . . . 1 . . . 4 3 . 2 Melee Attacks 3 | . . . . . . . . . 3 . Impact . | . . . . . . . . . . . Slashing . | . . . . . . . . . . . Piercing . | . . . . . . . . . . . Sneak Attacks . | . . . . . . . . . . . Combat Hostiles . | . . . . . . . . . . . Follow-up Attacks . | . . . . . . . . . . . Damage Inflicted 8049 | 104 504 128 1167 138 . 681 1349 2575 792 611 Guns 5871 | 104 504 120 633 73 . 278 937 2186 425 611 Cannons 771 | . . . 458 65 . 248 . . . . Explosions 1308 | . . . . . . 155 404 389 360 . Melee . | . . . . . . . . . . . Ramming 99 | . . 8 76 . . . 8 . 7 . Kinetic 5287 | 41 263 120 633 73 . 278 937 2136 334 472 Thermal 584 | 63 241 . . . . . . 50 91 139 Explosive 1308 | . . . . . . 155 404 389 360 . Electromagnetic 771 | . . . 458 65 . 248 . . . . Impact . | . . . . . . . . . . . Slashing . | . . . . . . . . . . . Piercing . | . . . . . . . . . . . Highest Corruption 4 | . . . 4 4 4 4 . . . . Average Corruption 3 | . . . 3 4 4 4 . . . . Corruption Purged . | . . . . . . . . . . . Corruption Blocked . | . . . . . . . . . . . Effects 47 | . . . 10 14 13 10 . . . . Message Errors 15 | . . . 1 5 8 1 . . . . Matter Fused 12 | . . . 1 2 3 6 . . . . Heat Flow Errors 2 | . . . 1 . 1 . . . . . Energy Discharges 5 | . . . 3 2 . . . . . . Parts Rejected 1 | . . . 1 . . . . . . . Parts Fused 2 | . . . 1 . 1 . . . . . Data Loss (minor) 4 | . . . 2 2 . . . . . . Data Loss (major) 3 | . . . . 2 . 1 . . . . Misfires 2 | . . . . 1 . 1 . . . . Alerts 1 | . . . . . . 1 . . . . Overload Shots . | . . . . . . . . . . . Overflow Damage 49 | . . . . . . . 15 34 . . Projectiles . | . . . . . . . . . . . Explosions 49 | . . . . . . . 15 34 . . Melee . | . . . . . . . . . . . Knockbacks 1 | . . . 1 . . . . . . . Impact 1 | . . . 1 . . . . . . . Kinetic . | . . . . . . . . . . . Secondary . | . . . . . . . . . . . Self-Inflicted Damage 150 | . . . 19 . . . 35 86 10 . Shots 4 | . . . . . . . 1 2 1 . Rammed 14 | . . 1 7 . . . 3 . 3 . Targets Rammed 14 | . . 1 7 . . . 3 . 3 . Kicked . | . . . . . . . . . . . Crushed . | . . . . . . . . . . . Highest Temperature 342 | 80 164 6 283 219 183 342 219 317 216 296 Average Temperature 92 | 37 57 4 93 98 100 156 62 112 71 114 Received Heat Transfer 1756 | . 180 75 94 . . 84 99 540 288 396 Effects 2 | . . . . . . . . 2 . . Interference 2 | . . . . . . . . 2 . . Siege Activations . | . . . . . . . . . . . Martial Activations . | . . . . . . . . . . . Shielding Activations . | . . . . . . . . . . . Robots Disrupted . | . . . . . . . . . . . Combat Hostiles . | . . . . . . . . . . . Robots Corrupted . | . . . . . . . . . . . Combat Hostiles . | . . . . . . . . . . . Parts Fried 1 | . . . . . . 1 . . . . Impact Corruptions . | . . . . . . . . . . . Robots Melted . | . . . . . . . . . . . Combat Hostiles . | . . . . . . . . . . . Parts Melted 2 | 1 . . . . . . . . . 1 Heat Transferred 1702 | 259 777 . . . . . . 111 222 333 Parts Sabotaged . | . . . . . . . . . . . Parts Stolen . | . . . . . . . . . . . Parts Stripped . | . . . . . . . . . . . Power Chain Reactions . | . . . . . . . . . . . Alert | -11 -10 -10 -9 -9 -9 -8 -8 -8 -8 -8 ------- Run | Yrd Mat Min Mat Min Exi Min Mat Gar Mat Gar Maximum Alert Level 3 | . . . 1 . . . . 3 2 2 Low Security (%) 74 | 100 100 100 92 100 . 100 100 13 . . Level 1 6 | . . . 7 . . . . 22 . 72 Level 2 11 | . . . . . . . . 25 100 27 Level 3 7 | . . . . . . . . 38 . . Level 4 . | . . . . . . . . . . . Level 5 . | . . . . . . . . . . . High Security . | . . . . . . . . . . . Max Security . | . . . . . . . . . . . Peak Influence 1008 | 5 92 50 212 77 . 148 101 1008 591 429 Initial 491 | . . 4 . 75 . . 20 29 491 384 Average 176 | . 23 8 118 28 . 74 26 558 477 393 Influence Increases 3584 | 10 405 64 615 170 . 243 519 1069 374 115 Destroy 0b10 Robot/C 2260 | . 260 40 440 120 . 160 280 700 160 100 Destroy 0b10 Robot/NC 85 | 10 5 5 10 . . 10 20 . 25 . Destroy Leader 400 | . 60 10 92 20 . 30 84 50 54 . Allied During Kill 51 | . . . . . . . . 46 5 . Successful Hack 65 | . 19 9 12 . . . 25 . . . Disable Machine 150 | . 15 . . 15 . . 60 15 45 . Anti-Garrison Action 200 | . . . . . . . . 200 . . Destroy Structure 133 | . 1 . 1 . . 13 35 58 25 . Partial Spotted 15 | . . . . . . . 15 . . . Lose Combat Pursuer 225 | . 45 . 60 15 . 30 . . 60 15 Influence Decreases 3185 | 10 394 75 421 303 61 191 525 107 791 307 Entered New Map 960 | . . 7 . 119 61 . 32 17 517 207 Time Decay 1915 | 10 364 68 421 184 . 171 483 . 214 . Lost Part 220 | . 30 . . . . 20 . 30 40 100 Lost Ally 90 | . . . . . . . 10 60 20 . Squads Dispatched 7 | . 3 . 1 . . 1 . . 2 . Investigation 1 | . 1 . . . . . . . . . Extermination . | . . . . . . . . . . . Reinforcement 5 | . 2 . 1 . . 1 . . 1 . Assault . | . . . . . . . . . . . Garrison 1 | . . . . . . . . . 1 . Intercept . | . . . . . . . . . . . Searches Triggered . | . . . . . . . . . . . Construction Impeded 2 | . . . . . . 1 . . 1 . Haulers Reinforced . | . . . . . . . . . . . Active Scanning Responses . | . . . . . . . . . . . Cargo Convoy Interrupts . | . . . . . . . . . . . Stealth | -11 -10 -10 -9 -9 -9 -8 -8 -8 -8 -8 --------- Run | Yrd Mat Min Mat Min Exi Min Mat Gar Mat Gar Distress Signals 14 | . 2 . 4 . . . 4 . 4 . Communications Jammed . | . . . . . . . . . . . Distress Signals . | . . . . . . . . . . . Times Spotted 163 | . 25 4 33 7 . 8 31 31 18 6 Peak Tracking Total 6 | . 5 2 6 3 . 4 5 5 5 5 Tactical Retreats 10 | . 3 . 2 1 . 1 . . 2 1 Traps | -11 -10 -10 -9 -9 -9 -8 -8 -8 -8 -8 ------- Run | Yrd Mat Min Mat Min Exi Min Mat Gar Mat Gar Traps Triggered 4 | . 1 . 3 . . . . . . . Indirectly . | . . . . . . . . . . . Trap Hack Attempts . | . . . . . . . . . . . Triggered . | . . . . . . . . . . . Disarmed . | . . . . . . . . . . . Reprogrammed . | . . . . . . . . . . . Reused . | . . . . . . . . . . . Traps Extracted . | . . . . . . . . . . . Installed . | . . . . . . . . . . . Triggered . | . . . . . . . . . . . Machines | -11 -10 -10 -9 -9 -9 -8 -8 -8 -8 -8 ---------- Run | Yrd Mat Min Mat Min Exi Min Mat Gar Mat Gar Machines Disabled 12 | . 1 . . 1 . . 4 3 3 . Max in Single Turn 2 | . 1 . . 1 . . 1 1 2 . Garrison Relay 2 | . . . . . . . . 2 . . Machines Repaired . | . . . . . . . . . . . Machines Dismantled . | . . . . . . . . . . . Machines Sabotaged . | . . . . . . . . . . . Overloaded Fab Kills . | . . . . . . . . . . . Hacking | -11 -10 -10 -9 -9 -9 -8 -8 -8 -8 -8 --------- Run | Yrd Mat Min Mat Min Exi Min Mat Gar Mat Gar Machines Accessed 31 | . 6 2 8 . 2 . 10 1 2 . Terminals 22 | . 4 1 8 . . . 8 1 . . Fabricators . | . . . . . . . . . . . Repair Stations 2 | . 1 . . . . . . . 1 . Recycling Units 2 | . 1 . . . . . 1 . . . Scanalyzers . | . . . . . . . . . . . Garrison Access 2 | . . . . . . . 1 . 1 . Total Hacks 80 | . 21 4 24 . 2 . 24 2 3 . Successful 46 | . 15 4 10 . 2 . 12 . 3 . Failed 33 | . 6 . 14 . . . 11 2 . . Catastrophic 6 | . 1 . 1 . . . 3 1 . . Database Lockouts 1 | . . . . . . . 1 . . . Manual 30 | . 10 2 5 . 1 . 12 . . . Terminals 66 | . 16 3 24 . . . 21 2 . . Fabricators . | . . . . . . . . . . . Repair Stations 4 | . 2 . . . . . . . 2 . Recycling Units 5 | . 3 . . . . . 2 . . . Scanalyzers . | . . . . . . . . . . . Garrison Access 2 | . . . . . . . 1 . 1 . Terminal Hacks 24 | . 6 3 7 . 2 . 6 . . . Record 1 | . . . . . 1 . . . . . Part Schematic 1 | . 1 . . . . . . . . . Robot Analysis 3 | . 1 1 . . . . 1 . . . Prototype ID Bank 3 | . 2 . . . . . 1 . . . Open Door 1 | . . 1 . . . . . . . . Branch Access Points 2 | . . . 1 . . . 1 . . . Alert Level 1 | . . . 1 . . . . . . . Locate Traps 4 | . 1 . 2 . . . 1 . . . Security Status 1 | . 1 . . . . . . . . . Hauler Manifests 1 | . . . . . . . 1 . . . Registered Components 2 | . . . 1 . . . 1 . . . Zone Layout 3 | . . 1 2 . . . . . . . Proto ID Catalog 1 | . . . . . 1 . . . . . Fabricator Hacks . | . . . . . . . . . . . Repair Station Hacks 4 | . 2 . . . . . . . 2 . Scan Component 2 | . 1 . . . . . . . 1 . Repair 2 | . 1 . . . . . . . 1 . Recycling Unit Hacks 5 | . 3 . . . . . 2 . . . Process 2 | . 1 . . . . . 1 . . . Retrieve Matter 3 | . 2 . . . . . 1 . . . Scanalyzer . | . . . . . . . . . . . Garrison Access Hacks 2 | . . . . . . . 1 . 1 . Unlock Access 2 | . . . . . . . 1 . 1 . Unauthorized Hacks 11 | . 4 1 3 . . . 3 . . . Terminals 11 | . 4 1 3 . . . 3 . . . Track 5 | . 2 1 2 . . . . . . . Assimilate 1 | . . . . . . . 1 . . . Botnet 5 | . 2 . 1 . . . 2 . . . Fabricators . | . . . . . . . . . . . Repair Stations . | . . . . . . . . . . . Recycling Units . | . . . . . . . . . . . Scanalyzers . | . . . . . . . . . . . Garrison Access . | . . . . . . . . . . . Data Cores Recovered . | . . . . . . . . . . . Used . | . . . . . . . . . . . Hacking Detections 22 | . 5 . 8 . . . 8 1 . . Full Trace Events . | . . . . . . . . . . . Feedback Events . | . . . . . . . . . . . Feedback Blocked . | . . . . . . . . . . . Robot Schematics Acquired . | . . . . . . . . . . . Robots Built . | . . . . . . . . . . . Authchips . | . . . . . . . . . . . Time . | . . . . . . . . . . . Total Robot Build Rating . | . . . . . . . . . . . Part Schematics Acquired 1 | . 1 . . . . . . . . . Parts Built . | . . . . . . . . . . . Authchips . | . . . . . . . . . . . Time . | . . . . . . . . . . . Total Part Build Rating . | . . . . . . . . . . . Parts Repaired 2 | . 1 . . . . . . . 1 . Time 70 | . 26 . . . . . . . 44 . Parts Recycled . | . . . . . . . . . . . Recycled Matter 279 | . 34 . . . . . 245 . . . Retrieved Matter 322 | . 34 . . . . . 288 . . . Retrieved Components . | . . . . . . . . . . . Parts Scanalyzed . | . . . . . . . . . . . Part Schematics Acquired . | . . . . . . . . . . . Parts Damaged . | . . . . . . . . . . . Bothacking | -11 -10 -10 -9 -9 -9 -8 -8 -8 -8 -8 ------------ Run | Yrd Mat Min Mat Min Exi Min Mat Gar Mat Gar Used RIF Installer 1 | . . . . . . . . 1 . . Robots Hacked 3 | . . . . . . . . . 3 . Non-combat . | . . . . . . . . . . . Combat 3 | . . . . . . . . . 3 . Robot Hacks Applied 3 | . . . . . . . . . 3 . parse_system 1 | . . . . . . . . . 1 . overwrite_iff 1 | . . . . . . . . . 1 . formatsys_high 1 | . . . . . . . . . 1 . Relay Couplers Released 10 | . . . . . . . . 10 . . Machine Destruction 10 | . . . . . . . . 10 . . Attached 1 | . . . . . . . . . 1 . Fabnet Peak Effective % . | . . . . . . . . . . . Robots Rewired 3 | . . . . . . . . 3 . . Allies Hacked . | . . . . . . . . . . . Hacks Repelled . | . . . . . . . . . . . Allies | -11 -10 -10 -9 -9 -9 -8 -8 -8 -8 -8 -------- Run | Yrd Mat Min Mat Min Exi Min Mat Gar Mat Gar Total Allies 6 | . . . . . . . 1 3 2 . Largest Group 3 | . . . . . . . 1 3 1 . Highest-Rated Group 72 | . . . . . . . 26 72 15 . Highest-Rated Ally 26 | . . . . . . . 26 24 15 . Total Orders 1 | . . 1 . . . . . . . . RETURN 1 | . . 1 . . . . . . . . Ally Attacks 48 | . . . . . . . . 28 14 6 Total Damage 910 | . . . . . . . . 662 225 23 Kills 10 | . . . . . . . . 7 3 . Allies Corrupted . | . . . . . . . . . . . Allies Melted . | . . . . . . . . . . . Intel | -11 -10 -10 -9 -9 -9 -8 -8 -8 -8 -8 ------- Run | Yrd Mat Min Mat Min Exi Min Mat Gar Mat Gar Active Infowar (turns) 5082 | 34 1267 293 1034 615 412 212 1215 . . . Terrain 1215 | . . . . . . . 1215 . . . Seismic 3867 | 34 1267 293 1034 615 412 212 . . . . Robot Analysis Total 3 | . 1 1 . . . . 1 . . . Derelict Logs Recovered 1 | . . 1 . . . . . . . . Drone Launches 7 | . . 1 . . . . . . . 6 Drone Recoveries 7 | . . 1 . . . . . . . 6 Exploration | -11 -10 -10 -9 -9 -9 -8 -8 -8 -8 -8 ------------- Run | Yrd Mat Min Mat Min Exi Min Mat Gar Mat Gar Turns Passed 8691 | 196 1293 427 1174 626 412 438 1884 1634 452 155 Spaces Moved 4779 | 106 708 336 691 379 257 224 978 872 190 38 Core 5 | 3 . . . . . . . . . 2 Treads 3708 | 89 426 . 257 379 257 224 978 872 190 36 Legs . | . . . . . . . . . . . Wheels 1066 | 14 282 336 434 . . . . . . . Hover . | . . . . . . . . . . . Flight . | . . . . . . . . . . . Fastest Speed 50 | 50 115 115 130 160 160 160 152 160 160 160 Average Speed 152 | 147 142 115 142 160 160 164 160 162 160 190 Slowest Speed 450 | 160 240 130 240 240 160 240 165 165 160 450 Overloaded Moves . | . . . . . . . . . . . Propulsion Burnouts . | . . . . . . . . . . . Robots Hopped . | . . . . . . . . . . . Potential Cave-ins . | . . . . . . . . . . . Cave-ins Triggered . | . . . . . . . . . . . Exploration Rate (%) 54 | 7 80 59 70 78 62 61 73 73 25 11 Regions Visited 10 Branch Regions 4 Pre-discovered Areas 2 | . . 1 . . 1 . . . . . Known Exits Taken 3 | . . . 1 . . . 1 . 1 . Unknown Exits Taken 6 | 1 1 1 . 1 1 1 . . . . Scrap Searched 7 | . . 3 . 3 . 1 . . . . Spaces Dug 25 | . . . . . . . 14 11 . . Terrain Destroyed 131 | . . . . . . 17 41 47 26 . Melee . | . . . . . . . . . . . Projectile 5 | . . . . . . . . 5 . . AOE 126 | . . . . . . 17 41 42 26 . Terrain Rammed . | . . . . . . . . . . . Walls Destroyed . | . . . . . . . . . . . Machines Disabled . | . . . . . . . . . . . Actions | -11 -10 -10 -9 -9 -9 -8 -8 -8 -8 -8 --------- Run | Yrd Mat Min Mat Min Exi Min Mat Gar Mat Gar Total 5817 | 128 911 362 813 390 258 268 1267 1015 312 93 Wait 515 | . 122 7 29 . . 18 200 29 90 20 Move 4771 | 105 707 335 690 378 256 223 978 871 190 38 Hop . | . . . . . . . . . . . Pick Up 58 | 6 16 2 12 2 1 . 12 5 2 . Fast Attach 26 | 7 1 2 4 . . 1 6 1 2 2 Attach 21 | . 3 . 4 . . 2 3 4 3 2 Detach 5 | . . . 3 . . . . 1 . 1 Swap 64 | 1 8 5 9 2 . 6 18 10 5 . Drop 55 | 1 8 4 16 2 1 . 17 6 . . Fire 259 | 8 46 6 39 6 . 16 30 65 13 30 Melee 3 | . . . . . . . . . 3 . Ram 2 | . . . 2 . . . . . . . Kick . | . . . . . . . . . . . Crush 12 | . . 1 5 . . . 3 . 3 . Escape Stasis . | . . . . . . . . . . . Rewire 26 | . . . . . . 2 . 23 1 . Trap . | . . . . . . . . . . . Miscellaneous . | . . . . . . . . . . . Route ------- -11/Scrapyard -10/Materials (discovered 3 exits: *Mat x2 / *Min) -10/Mines (discovered 2 exits: *Mat / [*Sub]) -9/Materials (discovered 3 exits: *Mat x2 / *Min) -9/Mines (discovered 3 exits: *Mat x2 / *Exi) -9/Exiles (discovered 2 exits: [*Min x2]) -8/Mines -8/Materials (discovered 3 exits: [*Fac x2] / Gar) -8/Garrison (discovered 4 exits: *Mat x4) -8/Materials (discovered 2 exits: [*Fac] / Gar) -8/Garrison History --------- Turn | Location | Event 18 | -11/Scrapyard | Discovered new exit (range 15) 197 | -11/Scrapyard | Entered Materials 315 | -10/Materials | Build established: Mutant 537 | -10/Materials | Repaired Seismic Detector 553 | -10/Materials | Discovered new exit (range 13) 556 | -10/Materials | Discovered new exit (range 10) 1115 | -10/Materials | Core integrity fell below 50% 1406 | -10/Materials | Discovered new exit (range 11) 1490 | -10/Materials | Entered Mines 1562 | -10/Mines | Discovered new exit (range 16) 1590 | -10/Mines | Discovered new exit (range 12) 1667 | -10/Mines | YI-UF0 nonchalantly dropped a Grenade Launcher on the ground 1724 | -10/Mines | Assembled infested the area 1729 | -10/Mines | Assisted by a Guerilla fighting off Assembled 1867 | -10/Mines | Found the Drone Emporium 1871 | -10/Mines | Found Prototype Device 1871 | -10/Mines | Identified Splice Drone Bay 1917 | -10/Mines | Entered Materials 1917 | -9/Materials | Evolved 2 slots: Utility x1, Weapon x1 2180 | -9/Materials | Identified exit to Mines 2208 | -9/Materials | Build established: Tank 2347 | -9/Materials | Destroyed 8 combat bots 2414 | -9/Materials | Discovered new exit (range 16) 2679 | -9/Materials | Discovered new exit (range 8) 3091 | -9/Materials | Entered Mines 3121 | -9/Mines | Received a Rocket Launcher from a helpful Derelict 3425 | -9/Mines | Discovered new exit (range 11) 3520 | -9/Mines | Discovered new exit (range 3) 3584 | -9/Mines | Deemed a non-threat by the Exiles lab entrance 3584 | -9/Mines | Discovered new exit (range 5) 3717 | -9/Mines | Entered Exiles 3741 | -9/Exiles | Discovered new exit (range 15) 3761 | -9/Exiles | Met 8R-AWN 3785 | -9/Exiles | Met EX-HEX 3828 | -9/Exiles | Met EX-BIN 3850 | -9/Exiles | Aligned with FarCom system 3852 | -9/Exiles | Given EX-Vault access code 3892 | -9/Exiles | Opened EX-Vault 3902 | -9/Exiles | Found Modified TNC 3935 | -9/Exiles | Warned to stay clear of 0b10 Research branches 3981 | -9/Exiles | Met EX-DEC 4029 | -9/Exiles | Learned location of Zion (-6) 4109 | -9/Exiles | Discovered new exit (range 14) 4129 | -9/Exiles | Left Exiles lab with Modified TNC 4129 | -9/Exiles | Entered Mines 4455 | -8/Mines | Discovered new exit (range 15) 4567 | -8/Mines | Entered Materials 4567 | -8/Materials | Evolved 2 slots: Utility x1, Weapon x1 4633 | -8/Materials | Build established: Skirmisher 5013 | -8/Materials | Discovered new exit (range 16) 5637 | -8/Materials | Central database locked down 6414 | -8/Materials | Discovered new exit (range 9) 6451 | -8/Materials | Identified exit to Garrison 6451 | -8/Materials | Entered Garrison 6517 | -8/Garrison | Triggered checkpoint 6566 | -8/Garrison | Garrison Relay disabled 6669 | -8/Garrison | Triggered checkpoint 6808 | -8/Garrison | Discovered new exit (range 10) 6846 | -8/Garrison | Triggered checkpoint 6953 | -8/Garrison | Triggered checkpoint 6983 | -8/Garrison | Discovered new exit (range 5) 7110 | -8/Garrison | Triggered checkpoint 7116 | -8/Garrison | Triggered checkpoint 7198 | -8/Garrison | Discovered new exit (range 16) 7307 | -8/Garrison | Triggered checkpoint 7409 | -8/Garrison | Triggered checkpoint 7702 | -8/Garrison | Triggered checkpoint 7713 | -8/Garrison | Core integrity fell below 50% 7803 | -8/Garrison | Discovered new exit (range 14) 7858 | -8/Garrison | Installed Relay Interface Framework 7891 | -8/Garrison | Triggered checkpoint 7919 | -8/Garrison | Garrison Relay disabled 8005 | -8/Garrison | Build established: Scavenger-Skirmisher 8085 | -8/Garrison | Entered Materials 8163 | -8/Materials | Repaired Gauss Rifle 8509 | -8/Materials | Garrison activated, responded to threat 8519 | -8/Materials | Discovered new exit (range 7) 8537 | -8/Materials | Identified exit to Garrison 8537 | -8/Materials | Entered Garrison 8575 | -8/Garrison | Triggered checkpoint 8624 | -8/Garrison | Lost 3 parts (1u2w) 8658 | -8/Garrison | Core integrity fell below 20% 8692 | -8/Garrison | Self-destructed Last Messages --------------- 08629_ Splice Drone retrieved by Splice Drone Bay (repair cost: 2). 08630_ Y-45 Defender Imp. Ion Engine critical detonation. 08643_ Slug penetrates Reinforced Barrier. 08648_ Slug penetrates G-47 Trooper. 08651_ Imp. Heat Sink destroyed. 08651_ Slug penetrates G-47 Trooper. 08651_ G-47 Trooper destroyed. 08653_ Slug penetrates Y-45 Defender. 08653_ Y-45 Defender destroyed. 08655_ Acquired Imp. Heat Sink. 08656_ Lgt. Nuclear Core destroyed. 08656_ Acquired 43 matter. 08659_ Acquired 48 matter. 08664_ Acquired Beam Rifle. 08665_ Gauss Rifle destroyed. 08672_ Heat Sink melted. 08672_ Y-45 Defender destroyed. 08674_ Med. Treads destroyed. 08683_ Beam Rifle destroyed. 08689_ Hrd. Light Armor Plating destroyed. Map ----- +----------------------------------------------------+ | ?????????????????????????????????????????????????? | | ?????????????????????????????????????????????????? | | ?????????????????????????????????????????????????? | | ?????????????????????????????????????????????????? | | ?????????????????????????????????????????????????? | | ?????????????????????????????????????????????????? | | ?????????????????????????????????????????????????? | | ?????????????????????????????????? ????????????? | | ?????????????????????????????????? #???????????? | | ?????????????????????????????????? ##??????????? | | ?????????????????????????????????? ??????????? | | ?????????????????????????????????? ???????????? | | ?????????????????????????????????? ???????????? | | ?????????????????????????????????? #???????????? | | ?????????????????????????????????# #?s?????????? | | ?????????????????????????????????# #???????????? | | ?????????????????????????????????+ #???????????? | | ?????????????????????????????????# #???????????? | | ?????????????????????????????????# #???????????? | | ?????????????????????????????????# #???????????? | | ?################################# #???????????? | | ?# #???????????? | | ?# #???????????? | | ?# [ #???????????? | | ?# ####################*=######### #???????????? | | ?# #??????????????????#@=###?????? #???????????? | | ?#####??????????????????#!=x ##### #?#???????????? | | ????????????????????????# =+ #?????????????? | | ????????????????????????# = #######?????????????? | | ????????????????????????# ###???????????????????? | | ????????????????????????# #?????????????????????? | | ????????????????????????# #?????????????????????? | | ????????????????????????# #?????????????????????? | | ????????????????????????# #?????????g???????????? | | ????????????????????????# ?????????????????????? | | ????????????????????????# ?????????????????????? | | ????????????????????????# ?????????????????????? | | ????????????????????????# #?????????????????????? | | ????????????????????????# #?????????????????????? | | ????????????????????????####?????????????????????? | | ?????????????????????????????????????????????????? | | ?????????????????????????????????????????????????? | | ?????????????????????????????????????????????????? | | ?????????????????????????????????????????????????? | | ?????????????????????????????????????????????????? | | ?????????????????????????????????????????????????? | | ?????????????????????????????????????????????????? | | ?????????????????????????????????????????????????? | | ?????????????????????????????????????????????????? | | ?????????????????????????????????????????????????? | +----------------------------------------------------+ Best States ------------- Heat Dissipation 59 Energy Generation 14 Energy Capacity 265 Matter Stores 300 Matter Capacity 300 Sight Range 16 Terrain Scan Range 16 Terrain Scan Density 210 Armor Coverage 225 Resistance: KI 20 Weapon Cycling 15 Evasion (%) 44 Recoil Reduction 2 Relay Coupler Types 1 Relay Coupler Value 20 Item Schematics ----------------- Hcp. Storage Unit | -10/Materials | Hacked Robot Schematics ------------------ None Fabricated ------------ Nothing Repaired ---------- Seismic Detector | 35% | -10/Materials Gauss Rifle | 5% | -8/Materials Alien Tech Used ----------------- None Achievements -------------- None Challenges ------------ None Game ------ Seed RegenerativeSapperShield Manual? 0 Play Time 01:02:56 Cumulative 302.6 hours Start 2025.05.13 @ 23:18:21 End 2025.05.14 @ 21:16:41 Sessions 3 Manual Loads 0 Difficulty Rogue Special Mode None Game No. 105 Rogue 104 Adventurer 1 Explorer 0 Win Type - Total 9 Types 8/0/1/0/0/0/0/0/0/0 Lore% 71 Gallery% 73 Achievement% 65 Wizard Run 0 Options --------- Layout 0 ASCII 1 Keyboard 1 Movement Vi Keybinds 0 Fullscreen 2 Font 36/Terminus++ Map View 76x50 Zoom Use 0% Tactical HUD 1 Map Filters NONE Filters NONE Steam 0 RUN: a02f17ca-c3ce-409a-84f3-74301f5fdf7f